AoeStats
← Cinnamoroll

Black Forest

506282593Analyzed
4v4 RM · 20d ago on Sep 13, 2026· 19m 58s· 8 players
Game mode
Random Map
Map size
Large (8 player)
Population
200
Speed
Normal
Resources
Standard
Victory
Conquest
Starting age
Dark Age
Ending age
Imperial Age
RankedLock teamsTeams togetherTeam positionsShared explorationLock speedFull tech treeHidden civsTurbo modeCheats
Victory
Defeat
🇨🇦 Spanish · Canada
1589
+13
🇨🇦 Teutons · Canada
1568
+14
🇺🇸 Ethiopians · United States
1508
+17
🇹🇷 Saracens · Türkiye
1487
+17
🇨🇳 Britons · China
1611
-18
🇭🇺 Inca · Hungary
1591
-18
🇨🇱 Khmer · Chile
1454
-13
🇦🇷 Khmer · Argentina
1435
-12
sfcwallace
11:13 Feudal Age
14:48 Castle Age
12:42 Double-Bit Axe
15:51 Bow Saw
Cinnamoroll
4:05 Loom
12:28 Feudal Age
13:12 Double-Bit Axe
13:08 Horse Collar
15:41 Scale Barding Armor
16:47 Forging
17:06 Bloodlines
INeedHelp
0:46 Loom
11:44 Feudal Age
14:59 Town Watch
17:32 Castle Age
15:44 Double-Bit Axe
18:12 Horse Collar
18:44 Bow Saw
W
1:11 Loom
12:33 Feudal Age
16:52 Castle Age
15:29 Double-Bit Axe
16:47 Gold Mining
18:30 Medium Warships
18:02 Fishing Lines
19:40 Horse Collar
20:12 Bow Saw
[H] Blabla
0:45 Loom
11:22 Feudal Age
14:10 Double-Bit Axe
19:47 Castle Age
18:13 Stone Mining
祈求好运
0:51 Loom
12:03 Feudal Age
14:31 Double-Bit Axe
19:30 Castle Age
19:08 Horse Collar
ReBeL_persi
4:22 Loom
11:58 Feudal Age
12:44 Double-Bit Axe
13:13 Horse Collar
15:35 Castle Age
16:48 Bow Saw
Thanos 2022
7:56 Feudal Age
10:02 Double-Bit Axe
12:26 Loom
18:43 Castle Age
16:26 Horse Collar
Connection lost

Rejoining the realm…

Still unreachable

The connection could not be restored.

Session expired

The server has moved on; the page needs a fresh start.